 Dungeon Sprint DCSS version 0.17-a0-1718-g72dbe4d (webtiles) character file.

64134 Kidiri the Imperceptible (level 13, -3/55 HPs)
             Began as a Spriggan Enchanter on Aug 26, 2015.
             Was the Champion of Dithmenos.
             Killed from afar by Frances (58 damage)
             ... with an iron shot
             ... in the Dungeon (Sprint III: "The Ten Rune Challenge").
             The game lasted 00:19:28 (4166 turns).

Kidiri the Imperceptible (Spriggan Enchanter)       Turns: 4166, Time: 00:19:29

Health: -3/55      AC:  6    Str:  6    XL:     13   Next: 51%
Magic:  39/45      EV: 36    Int: 24    God:    Dithmenos [******]
Gold:   28         SH:  0    Dex: 19    Spells: 10 memorised, 10 levels left

rFire  . . .     SeeInvis +     a - +1 dagger
rCold  . . .     Clarity  .     b - +1 robe
rNeg   . . .     SustAt   .     (shield restricted)
rPois  .         Gourm    .     c - +3 hat of Pondering {ponderous, MR+ MP+10 Int+5}
rElec  .         Spirit   .     (no cloak)
rCorr  .         Warding  .     (gloves unavailable)
rMut   .         NoTele   +     (boots unavailable)
MR     +++..                    (no amulet)
Stlth  ++++++++++               (no ring)
                                (no ring)

@: very slightly contaminated, wreathed by umbra, invisible, very quick,
extremely resistant to hostile enchantments, uncannily stealthy
A: unfitting armour, see invisible, herbivore 3, speed 3, slow metabolism 2,
strong 1
a: Shadow Step, Shadow Form, Renounce Religion
}: 2/10 runes: decaying, serpentine


You were in the Dungeon.
You worshipped Dithmenos.
Dithmenos was exalted by your worship.
You were not hungry.

You visited 1 branch You collected 28 gold pieces.

Inventory:

Hand weapons
 a - a +1 dagger (weapon)
Missiles
 n - 10 throwing nets (quivered)
Armour
 b - a +1 robe (worn)
 c - the +3 hat of Pondering (worn) {ponderous, MR+ MP+10 Int+5}
   (You took it off Gastronok in the Dungeon)

   It affects your intelligence (+5).
   It affects your resistance to hostile enchantments.
   It affects your magic capacity (+10).
Magical devices
 l - a wand of invisibility (5)
Scrolls
 j - 2 scrolls of blinking
 m - a scroll of holy word {unknown}
 r - a scroll of immolation {unknown}
 s - a scroll of recharging {unknown}
Potions
 d - a potion of agility {unknown}
 e - 4 potions of curing
 f - a potion of heal wounds
 g - a potion of haste
 h - 2 potions of magic
 i - 3 potions of berserk rage
 p - a potion of brilliance {unknown}
 q - 2 potions of flight
Comestibles
 k - 14 fruits
 o - 28 royal jellies


   Skills:
 + Level 11.8 Short Blades
 * Level 20.1 Dodging
 * Level 21.9 Stealth
 * Level 17.6 Spellcasting
 + Level 8.3 Conjurations
 + Level 13.0 Hexes
 + Level 12.3 Charms
 + Level 13.6 Translocations
 + Level 9.1 Ice Magic
 + Level 8.1 Air Magic
 - Level 3.2 Invocations


You had 10 spell levels left.
You knew the following spells:

 Your Spells              Type           Power        Failure   Level  Hunger
a - Corona                Hex            ######.      0%          1    None
b - Ensorcelled Hibernat  Hex/Ice        ######       1%          2    None
c - Confuse               Hex            ######..     1%          3    None
d - Tukima's Dance        Hex            ######..     1%          3    None
e - Dazzling Spray        Conj/Hex       ######..     1%          3    None
f - Invisibility          Hex            ######..     1%          6    ####...
g - Apportation           Tloc           ######....   0%          1    None
h - Cause Fear            Hex            ######....   1%          4    None
i - Deflect Missiles      Chrm/Air       ######....   8%          6    ####...
j - Discord               Hex            ######....   85%         8    #######


Dungeon Overview and Level Annotations

Branches:
Dungeon (1/1)

Altars:
Cheibriados
Dithmenos
Elyvilon
Fedhas
Gozag
Kikubaaqudgha
Makhleb
Nemelex Xobeh
Okawaru
Qazlal
Ru
Sif Muna
Trog
Vehumet
Xom
Yredelemnul
Zin
The Shining One
Jiyva
Lugonu

Shops:
D %(}(?=

Annotations:
D Frances, Wiglaf


Innate Abilities, Weirdness & Mutations

You are tiny and cannot use many weapons and most armour.
You have supernaturally acute eyesight.
You are a herbivore.
You cover ground extremely quickly.
You need consume almost no food.
Your muscles are strong. (Str +2)


Message History

Frances shoots a curare-tipped needle.
The curare-tipped needle completely misses you.
Casting: Dazzling Spray
Confirm with . or Enter, or press ? or * to list all spells.
Aiming: Dazzling Spray
Press: ? - help, Shift-Dir - straight line, f - Wiglaf
Aim: Wiglaf, wielding a war axe of holy wrath (hasn't noticed you, umbra)
Okay, then.
You close the door.
Casting: Dazzling Spray
Confirm with . or Enter, or press ? or * to list all spells.
Aiming: Invisibility
Press: ? - help, Shift-Dir - straight line, f - you You fade into invisibility!
You are very lightly contaminated with residual magic.
You open the door.
Frances mutters in a terrible tongue.
The iron shot hits you!
Ouch! That really hurt!
You die...

#+###########################
#....#)#)#)....#......+...≈≈#
##.#.)#.##.###.#......#...≈≈###
'##.#.#.##.#).##......#...≈≈≈≈#
#...#..#..##.)'.......#...≈≈≈≈#
▓▓▓▓▓▓▓▓▓▓▓▓▓▓#(......#.......#
........≈≈≈...#.......#.......#
≈≈≈≈≈≈≈≈≈≈♣♣P.+.......#.......#
♣♣♣♣♣♣♣♣♣♣♣♣PP#.@.....#########
♣♣♣##'###### ♣♣♣♣♣♣♣♣♣♣♣♣ ..@
.##≈≈≈≈≈≈..# #...# #.#≈≈≈≈≈...#
#.g.# .##+≈≈≈≈≈####+#####
...#≈≈....§.§§# #.)#≈..+#######
####...#....))#


You could see Wiglaf (wandering) and Frances.

Vanquished Creatures
  the Lernaean hydra (D)
  Rupert (D)
  Gastronok (D)
  A greater naga (D)
  Maud (D)
  2 dire elephants (D)
  Erolcha (D)
  3 hydras (D)
  A naga warrior (D)
  4 anacondas (D)
  4 death yaks (D)
  A death drake (D)
  A spriggan druid (D)
  A lindwurm (D)
  5 swamp dragons (D)
  8 black mambas (D)
  2 elephants (D)
  A guardian serpent (D)
  2 spiny frogs (D)
  A fire drake (D)
  A komodo dragon (D)
  A deep elf priest (D)
  3 wandering mushrooms (D)
  A queen bee (D)
  8 blink frogs (D)
  A shadow (D)
  2 trapdoor spiders (D)
  4 redbacks (D)
  2 spriggans (D)
  2 nagas (D)
  A spatial vortex (D)
  2 hill giants (D)
  3 swamp drakes (D)
  A necrophage (D)
  2 brain worms (D)
  3 two-headed ogres (D)
  A water elemental (D)
  A scorpion (D)
  An electric eel (D)
  32 killer bees (D)
  A wizard (D)
  A jelly (D)
  A necromancer (D)
  3 humans (D)
  A kobold demonologist (D)
  4 adders (D)
  2 oozes (D)
  2 rats (D)
  A plant (D)
130 creatures vanquished.

Vanquished Creatures (others)
  2 draconian scorchers (D)
  2 yaktaurs (D)
  4 plants (D)
8 creatures vanquished.

Grand Total: 138 creatures vanquished

Notes
Turn   | Place    | Note
--------------------------------------------------------------
     0 | D        | Kidiri the Spriggan Enchanter began the quest for the Orb.
     0 | D        | Reached XP level 1. HP: 9/9 MP: 5/5
     4 | D        | Reached skill level 5 in Stealth
     7 | D        | Reached XP level 2. HP: 13/13 MP: 5/7
    32 | D        | Learned a level 2 spell: Ensorcelled Hibernation
    87 | D        | Reached skill level 5 in Dodging
    87 | D        | Reached skill level 6 in Stealth
    87 | D        | Reached XP level 3. HP: 16/16 MP: 5/9
   132 | D        | Noticed a scorpion
   139 | D        | Killed a scorpion
   139 | D        | Reached skill level 7 in Stealth
   139 | D        | Reached skill level 5 in Spellcasting
   139 | D        | Reached skill level 1 in Ice Magic
   139 | D        | Reached XP level 4. HP: 21/21 MP: 10/12
   147 | D        | Learned a level 3 spell: Confuse
   151 | D        | Learned a level 3 spell: Tukima's Dance
   155 | D        | Learned a level 3 spell: Dazzling Spray
   171 | D        | Gained mutation: Your body sometimes deteriorates upon taking damage. [potion of mutation]
   171 | D        | Gained mutation: Potions and wands are less effective at restoring your health. [potion of mutation]
   171 | D        | Gained mutation: Your muscles are strong. (Str +2) [potion of mutation]
   172 | D        | Gained mutation: Your magical capacity is low (-10% MP). [potion of mutation]
   172 | D        | Gained mutation: You have a beak for a mouth. [potion of mutation]
   172 | D        | Gained mutation: You are partially covered in yellow scales (AC +2). [potion of mutation]
   173 | D        | Lost mutation: Your body sometimes deteriorates upon taking damage. [potion of cure mutation]
   173 | D        | Lost mutation: Your magical capacity is low (-10% MP). [potion of cure mutation]
   173 | D        | Lost mutation: Potions and wands are less effective at restoring your health. [potion of cure mutation]
   173 | D        | Lost mutation: You are partially covered in yellow scales (AC +2). [potion of cure mutation]
   173 | D        | Lost mutation: You have a beak for a mouth. [potion of cure mutation]
   239 | D        | Killed a white draconian scorcher
   243 | D        | Noticed a water elemental
   243 | D        | Killed a yaktaur
   246 | D        | Killed a water elemental
   246 | D        | Reached skill level 8 in Stealth
   246 | D        | Reached skill level 1 in Conjurations
   246 | D        | Reached skill level 5 in Hexes
   246 | D        | Reached XP level 5. HP: 24/24 MP: 12/14
   255 | D        | Noticed a jelly
   256 | D        | Noticed a shadow
   257 | D        | Killed a white draconian scorcher
   269 | D        | Killed a shadow
   269 | D        | Reached skill level 9 in Dodging
   269 | D        | Reached skill level 10 in Stealth
   269 | D        | Reached XP level 6. HP: 28/28 MP: 2/17
   430 | D        | Killed a jelly
   436 | D        | Found a stormy altar of Qazlal.
   437 | D        | Found a sacrificial altar of Ru.
   437 | D        | Found a burning altar of Makhleb.
   437 | D        | Found a viscous altar of Jiyva.
   437 | D        | Found a shimmering altar of Xom.
   437 | D        | Found a shadowy altar of Dithmenos.
   437 | D        | Found a sparkling altar of Nemelex Xobeh.
   437 | D        | Found a corrupted altar of Lugonu.
   437 | D        | Found an opulent altar of Gozag.
   437 | D        | Noticed a spatial vortex
   441 | D        | Became a worshipper of Dithmenos the Shadowed
   456 | D        | Killed a spatial vortex
   456 | D        | Reached skill level 5 in Short Blades
   456 | D        | Reached skill level 11 in Stealth
   456 | D        | Reached skill level 1 in Invocations
   572 | D        | Found a radiant altar of Vehumet.
   573 | D        | Found a deep blue altar of Sif Muna.
   573 | D        | Found an ancient bone altar of Kikubaaqudgha.
   573 | D        | Noticed a wizard
   574 | D        | Killed a wizard
   574 | D        | Reached skill level 10 in Dodging
   576 | D        | Reached XP level 7. HP: 32/32 MP: 20/20
   592 | D        | Learned a level 6 spell: Invisibility
   594 | D        | Learned a level 1 spell: Apportation
   609 | D        | Found a glowing silver altar of Zin.
   610 | D        | Found a glowing golden altar of the Shining One.
   610 | D        | Found a white marble altar of Elyvilon.
   610 | D        | Noticed a deep elf priest
   612 | D        | Killed a deep elf priest
   612 | D        | Reached skill level 12 in Stealth
   624 | D        | Found an iron altar of Okawaru.
   625 | D        | Found a bloodstained altar of Trog.
   625 | D        | Noticed a human
   625 | D        | Noticed a human
   628 | D        | Killed a human
   630 | D        | Killed a human
   630 | D        | Reached XP level 8. HP: 36/36 MP: 16/22
   664 | D        | Found a snail-covered altar of Cheibriados.
   664 | D        | Noticed a necrophage
   665 | D        | Found a basalt altar of Yredelemnul.
   665 | D        | Found a blossoming altar of Fedhas.
   665 | D        | Noticed a necromancer
   666 | D        | Killed a necrophage
   666 | D        | Acquired Dithmenos's first power
   667 | D        | Killed a necromancer
   688 | D        | Noticed a two-headed ogre
   688 | D        | Noticed a two-headed ogre
   692 | D        | Killed a two-headed ogre
   692 | D        | Reached skill level 10 in Spellcasting
   694 | D        | Killed a two-headed ogre
   694 | D        | Reached skill level 13 in Stealth
   696 | D        | Noticed a two-headed ogre
   697 | D        | Killed a two-headed ogre
   697 | D        | Acquired Dithmenos's second power
   707 | D        | Noticed a hill giant
   710 | D        | Killed a hill giant
   715 | D        | Noticed a hill giant
   715 | D        | Noticed Erolcha
   717 | D        | Killed Erolcha
   717 | D        | Reached skill level 14 in Stealth
   717 | D        | Reached skill level 5 in Translocations
   717 | D        | Reached skill level 5 in Ice Magic
   717 | D        | Reached XP level 9. HP: 39/39 MP: 23/25
   718 | D        | Killed a hill giant
   727 | D        | Learned a level 4 spell: Cause Fear
   734 | D        | Learned a level 6 spell: Deflect Missiles
   735 | D        | Noticed a redback
   749 | D        | Killed a redback
   749 | D        | Reached skill level 1 in Charms
   777 | D        | Noticed a trapdoor spider
   778 | D        | Noticed a trapdoor spider
   785 | D        | Killed a trapdoor spider
   785 | D        | Acquired Dithmenos's third power
   785 | D        | Reached skill level 1 in Air Magic
   789 | D        | Killed a trapdoor spider
  1064 | D        | Noticed a killer bee
  1064 | D        | Noticed a killer bee
  1064 | D        | Noticed a queen bee
  1064 | D        | Noticed a killer bee
  1064 | D        | Noticed a killer bee
  1064 | D        | Noticed a killer bee
  1064 | D        | Noticed a killer bee
  1064 | D        | Noticed a killer bee
  1064 | D        | Noticed a killer bee
  1064 | D        | Noticed a killer bee
  1064 | D        | Noticed a killer bee
  1064 | D        | Noticed a killer bee
  1064 | D        | Noticed a killer bee
  1064 | D        | Noticed a killer bee
  1064 | D        | Noticed a killer bee
  1065 | D        | Noticed a killer bee
  1065 | D        | Noticed a killer bee
  1066 | D        | Noticed a killer bee
  1066 | D        | Noticed a killer bee
  1066 | D        | Noticed a killer bee
  1066 | D        | Noticed a killer bee
  1066 | D        | Noticed a killer bee
  1067 | D        | Noticed a killer bee
  1067 | D        | Noticed a killer bee
  1067 | D        | Killed a killer bee
  1069 | D        | Killed a killer bee
  1070 | D        | Noticed a killer bee
  1071 | D        | Killed a killer bee
  1072 | D        | Noticed a killer bee
  1073 | D        | Killed a killer bee
  1075 | D        | Noticed a killer bee
  1075 | D        | Noticed a killer bee
  1075 | D        | Killed a killer bee
  1076 | D        | Noticed a killer bee
  1077 | D        | Noticed a killer bee
  1077 | D        | Noticed a killer bee
  1079 | D        | Noticed a killer bee
  1079 | D        | Noticed a killer bee
  1079 | D        | Killed a killer bee
  1079 | D        | Acquired Dithmenos's fourth power
  1082 | D        | Killed a killer bee
  1084 | D        | Killed a killer bee
  1086 | D        | Killed a killer bee
  1086 | D        | Reached skill level 15 in Stealth
  1088 | D        | Killed a killer bee
  1232 | D        | Killed a killer bee
  1235 | D        | Killed a killer bee
  1239 | D        | Killed a killer bee
  1540 | D        | Killed a killer bee
  1543 | D        | Killed a killer bee
  1545 | D        | Killed a killer bee
  1549 | D        | Killed a killer bee
  1552 | D        | Killed a killer bee
  1552 | D        | Reached skill level 5 in Conjurations
  1554 | D        | Killed a killer bee
  1556 | D        | Killed a killer bee
  1558 | D        | Killed a killer bee
  1560 | D        | Killed a killer bee
  1563 | D        | Killed a killer bee
  1721 | D        | Killed a killer bee
  1721 | D        | Reached XP level 10. HP: 44/44 MP: 24/27
  1725 | D        | Killed a killer bee
  1727 | D        | Killed a queen bee
  1732 | D        | Killed a killer bee
  1737 | D        | Killed a killer bee
  1740 | D        | Killed a killer bee
  1760 | D        | Killed a killer bee
  1813 | D        | Killed a killer bee
  1822 | D        | Killed a killer bee
  1891 | D        | Killed a killer bee
  1973 | D        | Noticed a wandering mushroom
  2007 | D        | Noticed a wandering mushroom
  2007 | D        | Noticed a wandering mushroom
  2008 | D        | Killed a wandering mushroom
  2010 | D        | Killed a wandering mushroom
  2010 | D        | Reached skill level 16 in Stealth
  2011 | D        | Killed a wandering mushroom
  2011 | D        | Reached skill level 5 in Charms
  2049 | D        | Noticed a spiny frog
  2049 | D        | Noticed a komodo dragon
  2049 | D        | Noticed a spiny frog
  2051 | D        | Killed a spiny frog
  2056 | D        | Killed a komodo dragon
  2059 | D        | Killed a spiny frog
  2059 | D        | Reached skill level 15 in Dodging
  2115 | D        | Noticed a redback
  2117 | D        | Killed a redback
  2118 | D        | Noticed a brain worm
  2122 | D        | Killed a brain worm
  2128 | D        | Noticed a brain worm
  2130 | D        | Killed a brain worm
  2134 | D        | Noticed a lindwurm
  2136 | D        | Noticed a redback
  2137 | D        | Killed a lindwurm
  2139 | D        | Killed a redback
  2139 | D        | Reached skill level 10 in Hexes
  2144 | D        | Noticed a redback
  2145 | D        | Killed a redback
  2146 | D        | Noticed Maud
  2148 | D        | Killed Maud
  2148 | D        | Reached skill level 17 in Stealth
  2148 | D        | Reached XP level 11. HP: 47/47 MP: 29/29
  2242 | D        | Noticed an electric eel
  2243 | D        | Noticed a six-headed hydra
  2243 | D        | Noticed a seven-headed hydra
  2247 | D        | Killed an electric eel
  2249 | D        | Killed a six-headed hydra
  2250 | D        | Killed a seven-headed hydra
  2297 | D        | Learned a level 8 spell: Discord
  2298 | D        | Noticed a death drake
  2301 | D        | Killed a death drake
  2311 | D        | Found a blossoming altar of Fedhas.
  2311 | D        | Noticed a spriggan
  2311 | D        | Noticed a spriggan druid
  2311 | D        | Noticed a spriggan
  2316 | D        | Killed a spriggan
  2317 | D        | Killed a spriggan
  2317 | D        | Reached skill level 10 in Translocations
  2319 | D        | Killed a spriggan druid
  2319 | D        | Reached skill level 18 in Stealth
  2411 | D        | Noticed an anaconda
  2411 | D        | Noticed a black mamba
  2412 | D        | Noticed an anaconda
  2413 | D        | Killed a black mamba
  2413 | D        | Reached skill level 5 in Air Magic
  2416 | D        | Killed an anaconda
  2418 | D        | Killed an anaconda
  2478 | D        | Noticed a black mamba
  2478 | D        | Noticed a black mamba
  2478 | D        | Noticed a black mamba
  2478 | D        | Noticed an anaconda
  2478 | D        | Noticed an anaconda
  2478 | D        | Noticed a black mamba
  2479 | D        | Killed a black mamba
  2481 | D        | Killed a black mamba
  2482 | D        | Killed a black mamba
  2484 | D        | Killed an anaconda
  2484 | D        | Reached skill level 10 in Short Blades
  2486 | D        | Killed an anaconda
  2486 | D        | Reached skill level 15 in Spellcasting
  2488 | D        | Killed a black mamba
  2488 | D        | Reached XP level 12. HP: 51/51 MP: 22/32
  2534 | D        | Noticed a black mamba
  2539 | D        | Killed a black mamba
  2539 | D        | Reached skill level 19 in Stealth
  2556 | D        | Noticed a naga
  2556 | D        | Noticed a naga
  2557 | D        | Noticed a naga warrior
  2557 | D        | Noticed a greater naga
  2557 | D        | Found Xuecah's Antique Weapon Shop.
  2557 | D        | Found Riasch's Magic Scroll Shoppe.
  2557 | D        | Found Bunosi's Jewellery Boutique.
  2558 | D        | Killed a naga
  2559 | D        | Killed a naga
  2561 | D        | Killed a naga warrior
  2693 | D        | Killed a yaktaur
  2871 | D        | Killed a greater naga
  2902 | D        | Noticed a guardian serpent
  2904 | D        | Killed a guardian serpent
  2906 | D        | Got a serpentine rune of Zot
  2994 | D        | Noticed a swamp drake
  2994 | D        | Noticed a fire drake
  2995 | D        | Killed a fire drake
  2997 | D        | Killed a swamp drake
  3006 | D        | Noticed a blink frog
  3006 | D        | Noticed a blink frog
  3007 | D        | Noticed a blink frog
  3007 | D        | Noticed a blink frog
  3007 | D        | Noticed a blink frog
  3008 | D        | Killed a blink frog
  3009 | D        | Killed a blink frog
  3019 | D        | Killed a blink frog
  3019 | D        | Reached skill level 10 in Charms
  3022 | D        | Killed a blink frog
  3028 | D        | Killed a blink frog
  3189 | D        | Noticed Rupert
  3191 | D        | Killed Rupert
  3191 | D        | Reached skill level 20 in Stealth
  3202 | D        | Noticed a death yak
  3203 | D        | Noticed a death yak
  3203 | D        | Noticed a blink frog
  3204 | D        | Noticed an azure jelly
  3204 | D        | Noticed a death yak
  3204 | D        | Noticed an azure jelly
  3204 | D        | Noticed a blink frog
  3204 | D        | Noticed a death yak
  3205 | D        | Killed a death yak
  3206 | D        | Killed a blink frog
  3207 | D        | Killed a death yak
  3208 | D        | Noticed a blink frog
  3208 | D        | Noticed a black mamba
  3209 | D        | Killed a death yak
  3210 | D        | Noticed a black mamba
  3211 | D        | Killed a blink frog
  3212 | D        | Killed a blink frog
  3213 | D        | Killed a death yak
  3215 | D        | Killed a black mamba
  3216 | D        | Killed a black mamba
  3232 | D        | Noticed an azure jelly
  3232 | D        | Noticed an azure jelly
  3384 | D        | Noticed a swamp dragon
  3388 | D        | Killed a swamp dragon
  3390 | D        | Noticed a swamp dragon
  3391 | D        | Killed a swamp dragon
  3392 | D        | Noticed a swamp drake
  3392 | D        | Noticed a swamp dragon
  3395 | D        | Killed a swamp drake
  3399 | D        | Noticed a swamp drake
  3400 | D        | Killed a swamp dragon
  3400 | D        | Reached XP level 13. HP: 55/55 MP: 29/34
  3401 | D        | Found Ibunamie's Food Shoppe.
  3401 | D        | Found Saceteg's Antique Weapon Boutique.
  3401 | D        | Found Ryecano's Gadget Emporium.
  3404 | D        | Killed a swamp drake
  3534 | D        | Noticed a swamp dragon
  3537 | D        | Killed a swamp dragon
  3542 | D        | Noticed an eight-headed hydra
  3542 | D        | Noticed the 27-headed Lernaean hydra
  3542 | D        | Noticed a swamp dragon
  3545 | D        | Killed a swamp dragon
  3546 | D        | Killed an eight-headed hydra
  3546 | D        | Reached skill level 21 in Stealth
  3548 | D        | Killed the 27-headed Lernaean hydra
  3557 | D        | Got a decaying rune of Zot
  3616 | D        | Noticed an elephant
  3616 | D        | Noticed an elephant
  3616 | D        | Noticed a dire elephant
  3616 | D        | Noticed a dire elephant
  3616 | D        | Noticed Gastronok
  3651 | D        | Killed Gastronok
  3667 | D        | Killed an elephant
  3670 | D        | Killed an elephant
  3846 | D        | Killed a dire elephant
  3875 | D        | Killed a dire elephant
  4163 | D        | Noticed Wiglaf
  4163 | D        | Noticed Frances
  4166 | D        | Killed from afar by Frances

Vault maps used:
D:        dungeon_sprint_mu

Action                   |  1- 3 |  4- 6 |  7- 9 | 10-12 | 13-15 || total
-------------------------+-------+-------+-------+-------+-------++-------
Melee: Dagger            |    20 |    11 |    55 |    80 |   127 ||   293
 Cast: Ensorcelled Hiber |     1 |       |    45 |    16 |     3 ||    65
       Dazzling Spray    |       |    10 |     1 |    21 |    28 ||    60
       Invisibility      |       |       |       |     3 |     2 ||     5
       Tukima's Dance    |       |       |       |     2 |       ||     2
       Confuse           |       |       |       |       |     3 ||     3
Invok: Shadow Step       |       |       |       |    18 |       ||    18
  Use: Potion            |       |     3 |       |       |     1 ||     4
       Scroll            |       |     3 |       |       |       ||     3
 Stab: Sleeping          |     5 |     4 |    37 |    61 |     7 ||   114
       Invisible         |       |       |       |     3 |     1 ||     4
       Distracted        |       |       |       |       |     1 ||     1
  Eat: Bread ration      |       |       |       |     1 |       ||     1
